 Dungeon Crawl Stone Soup version 0.30-a0-691-g754fce4c43 (webtiles) character file.

Game seed: 11116829000593118961

382 tilp the Trooper (level 7, -5/59 HPs)
             Began as a Meteoran Fighter on Jan 19, 2023.
             Slain by Menkaure (12 damage)
             ... on level 4 of the Dungeon.
             The game lasted 00:06:10 (1201 turns).

tilp the Trooper (Meteoran Fighter)                 Turns: 1201, Time: 00:06:10

Health: -5/59      AC:  8    Str: 24    XL:     7   Next: 26%
Magic:  8/8        EV: 11    Int: 10    God:
Gold:   163        SH:  5    Dex: 15    Spells: 6/6 levels left

rFire   . . .      SeeInvis .    a - +0 long sword
rCold   . . .      Faith    .    c - +0 buckler
rNeg    . . .      Spirit   .    f - +0 scale mail
rPois   .          Reflect  .    (no helmet)
rElec   .          Harm     .    n - +0 cloak
rCorr   .          Rampage  .    (no gloves)
Will    .....                    (no boots)
Stlth   +                        (no amulet)
HPRegen 0.29/turn                o - +6 ring of strength
MPRegen 0.11/turn                (no ring)

@: glowing
A: sense surroundings 1, otherworldly, glowing, explore regen
a: no special abilities


You were on level 4 of the Dungeon.
You visited 1 branch of the dungeon, and saw 4 of its levels.

You collected 226 gold pieces.
You spent 63 gold pieces at shops.

Inventory:

Hand Weapons
 a - a +0 long sword (weapon)
 b - a +0 rapier
Missiles
 j - 17 poisoned darts (quivered)
Armour
 c - a +0 buckler (worn)
 f - a +0 scale mail (worn)
 n - a +0 cloak (worn)
Jewellery
 k - a +6 ring of intelligence
 o - a +6 ring of strength (left hand)
Scrolls
 g - 2 scrolls of blinking
 q - a scroll of teleportation
 r - a scroll of immolation
 s - a scroll of enchant armour {unknown}
 t - a scroll of magic mapping {unknown}
 u - a scroll of poison {unknown}
 v - a scroll of brand weapon {unknown}
Potions
 d - a potion of mutation
 e - a potion of invisibility
 l - a potion of curing
 m - 2 potions of resistance {unknown}


   Skills:
 * Level 4.2 Fighting
 + Level 4.1 Long Blades
 + Level 2.2 Throwing
 + Level 4.1 Armour
 + Level 4.1 Dodging
 + Level 2.1 Stealth
 - Level 4.0 Shields


You had 6 spell levels left.
You didn't know any spells.
Your spell library was empty.

Dungeon Overview and Level Annotations

Branches:
Dungeon (4/15) Zot: 1144
 Temple: D:4-7

Altars:
Qazlal
Vehumet

Shops:
D:1 [   D:4 ?

Annotations:
D:4 Menkaure


Innate Abilities, Weirdness & Mutations

You passively map a small area around you.
You are easily found by Zot.
You glow in the dark.
You regain HP and MP as you explore.


Message History

Natasha is severely wounded.
The crimson imp puffs mist at you. The crimson imp misses you.
Natasha claws you.
The crimson imp blinks!
You slash Natasha!
You kill Natasha!
Natasha screams in pain as she dies!
The crimson imp disappears in a puff of smoke! x2
You enter the shallow water.
Moving in this stuff is going to be slow.
You see here the felid corpse of Natasha.
j - 17 poisoned darts (gained 6)
You enter the shallow water.
Moving in this stuff is going to be slow.
You enter the shallow water.
Moving in this stuff is going to be slow.
There is an open door here.
You open the door.
There is an open door here.
Menkaure, Prince of Dust comes into view.
Found a stone staircase leading down.
Menkaure shouts!
Menkaure sighs, "Let me perform the rites..."
Menkaure gestures wildly while chanting.
Menkaure seems to speed up.
You barely miss Menkaure. Menkaure closely misses you. x2
You slash Menkaure!
Menkaure is moderately damaged.
Menkaure hits you.
You hit Menkaure.
Menkaure is heavily damaged.
You block Menkaure's attack.
You slash Menkaure!
Menkaure is severely damaged.
Menkaure calls on the powers of darkness!
Your body is wracked with pain!
Menkaure hits you!!
* * * LOW HITPOINT WARNING * * *
You barely miss Menkaure.
Menkaure is severely damaged.
Menkaure hits you!
You die...

, #.# #.#.##. ~ #<#
#.###.#. , * #.# ..#*
##.. ** ##.## #.## #.#.
** ##...## #,* * #.##. ,
#.....# , #.#♣P. , ,
*#...# * #. ♣♣~
.>.####.#######. # ♣~ ,
........@M......* * ♣♣~
#..####.##########♣♣♣♣♣~~
##'## #....~~♣~♣.~ ~
##...## #.....~..~~~ , ,
##.....## #....♣P~P♣~. ,
##.......###....♣♣♣♣♣♣.
#.........##.....##* ~~ ,
..'.........'........♣♣♣~
###.........####...#.♣*~~


You could see Menkaure (fast).

Vanquished Creatures
  Sigmund (D:3)
  A black bear (D:4)
  A hound (D:4)
  Natasha (twice) (D:4)
  2 adders
  An ufetubus (D:4)
  2 dart slugs
  3 ball pythons
  5 endoplasms
  A giant cockroach (D:1)
  A goblin (D:1)
  6 hobgoblins
  2 jackals (D:2)
  2 quokkas (D:3)
  5 bats
  A frilled lizard (D:1)
  4 kobolds
  3 rats
43 creatures vanquished.

Vanquished Creatures (others)
  A fungus (D:1)
  9 plants
10 creatures vanquished.

Grand Total: 53 creatures vanquished

Notes
Turn   | Place    | Note
-------+----------+-------------------------------------------
     0 | D:1      | tilp the Meteoran Fighter began the quest for the Orb.
     0 | D:1      | Reached XP level 1. HP: 19/19 MP: 2/2
   183 | D:1      | Reached XP level 2. HP: 23/26 MP: 3/3
   226 | D:1      | Found a faded altar of an unknown god.
   256 | D:1      | Reached skill level 1 in Dodging
   394 | D:1      | Found Fofeva Lelu's Armour Boutique.
   402 | D:1      | Bought a +0 cloak for 63 gold pieces
   435 | D:1      | Reached XP level 3. HP: 31/31 MP: 4/4
   485 | D:3      | Noticed Sigmund
   499 | D:3      | Killed Sigmund
   500 | D:3      | Reached skill level 1 in Throwing
   500 | D:3      | Reached skill level 1 in Stealth
   500 | D:3      | Reached XP level 4. HP: 27/40 MP: 5/5
   500 | D:3      | Reached XP level 5. HP: 31/46 MP: 6/6
   500 | D:3      | Reached XP level 6. HP: 35/52 MP: 7/7
   764 | D:3      | Found a stormy altar of Qazlal.
   766 | D:3      | Noticed a water elemental
   767 | D:3      | Noticed an air elemental
   864 | D:4      | Noticed Natasha
   870 | D:4      | Killed Natasha
   957 | D:4      | Noticed a black bear
   984 | D:4      | Killed a black bear
   985 | D:4      | Reached XP level 7. HP: 12/59 MP: 8/8
  1053 | D:4      | Found Uwanick's Magic Scroll Shop.
  1108 | D:4      | Found a radiant altar of Vehumet.
  1140 | D:4      | Noticed Natasha
  1164 | D:4      | Killed Natasha
  1193 | D:4      | Noticed Menkaure
  1201 | D:4      | Slain by Menkaure

Illustrated notes

Levels and vault maps discovered:
D:1:      psy_arrival_statuary, layout_basic, serial_shops, shop_statue,
          shapermc_ecumenical_altar_mp_ritualfount
D:2:      layout_loops_ring, minmay_bisected, uniq_crazy_yiuf_cottage
D:3:      layout_rooms, nicolae_qazlal_style_of_elements, uniq_sigmund
D:4:      layout_loops_corners, nicolae_overflow_crystal_walls,
          mainiacjoe_overflow_boulevard, minmay_temple_entry_hall, serial_shops,
          shop, serial_bayou_crossing, uniq_menkaure, uniq_natasha

Skill      XL: |  1  2  3  4  5  6 |
---------------+-------------------+-----
Dodging        | 1 3 4 |  4.1
Fighting       | 4 |  4.2
Long Blades    | 3 4 |  4.1
Throwing       | 1 2 |  2.2
Armour         | 4 |  4.1
Stealth        | 1 2 |  2.1
Shields        | 4 |  4.0

Action                   |  1- 3 |  4- 6 |  7- 9 || total
-------------------------+-------+-------+-------++-------
Melee: Long sword        |    62 |    63 |    36 ||   161
  Use: Potion            |     1 |     1 |       ||     2
       Scroll            |       |     8 |       ||     8
Armor: Scale mail        |    32 |    65 |    20 ||   117
Dodge: Dodged            |    24 |    36 |    14 ||    74
Block: Buckler           |    15 |    22 |    11 ||    48

Table legend: (Time is in decaauts)
 A = Elapsed time spent in this place.
 B = Non-inter-level travel time spent in this place.
 C = Inter-level travel time spent in this place.
 D = Time resting spent in this place.
 E = Time spent auto-exploring this place.
 F = Levels seen in this place.
 G = Mean time per level.
                   A        B        C        D        E       F      G
               +--------+--------+--------+--------+--------+-----+--------+
         Total |   1254 |   1216 |     38 |      0 |      0 |   4 |  313.5 |
       Dungeon |   1254 |   1216 |     38 |      0 |      0 |   4 |  313.5 |
               +--------+--------+--------+--------+--------+-----+--------+

Top non-repeatable levels by time:
     D:1: 480 daAuts
     D:4: 372 daAuts
     D:3: 332 daAuts
     D:2: 67 daAuts
